 Dungeon Crawl Stone Soup version 0.30-b1-2-g02819fbbbe (webtiles) character file.

Game seed: 3662337185524459508

25500 LLlMATKO the Fighter (level 12, 0/115 HPs)
             Began as a Minotaur Berserker on May 2, 2023.
             Was a High Priest of Trog.
             Killed by divine providence
             ... invoked by an orc priest
              (11 damage)
             ... on level 12 of the Dungeon.
             The game lasted 00:17:17 (15274 turns).

LLlMATKO the Fighter (Minotaur Berserker)          Turns: 15274, Time: 00:17:18

Health: 0/115      AC: 27    Str: 25    XL:     12   Next: 90%
Magic:  0/11       EV: 13    Int:  4    God:    Trog [*****.]
Gold:   588        SH:  0    Dex: 12    Spells: 11/11 levels left

rFire   x . .        Q - +4 war axe "Omelette" {drain, +Blink rF- rC++ rCorr}
rCold   + + .        (no shield)
rNeg    . . .        z - +8 chain mail {ponderous}
rPois   .            (helmet restricted)
rElec   .            C - +2 cloak
rCorr   +            J - +1 pair of gloves
SInv    +            (no boots)
Will    .....        h - amulet of guardian spirit Stlth
                     w - ring of see invisible
HPRegen 0.39/turn    A - ring of resist corrosion
MPRegen 0.12/turn

%: guardian spirit
@: on berserk cooldown, slowed, very slow
A: horns 2, retaliatory headbutt
a: Renounce Religion, Evoke Blink, Berserk, Trog's Hand, Brothers in Arms


You were on level 12 of the Dungeon.
You worshipped Trog.
Trog was extremely pleased with you.
You visited 1 branch of the dungeon, and saw 12 of its levels.
You also visited: Sewer.

You collected 828 gold pieces.
You spent 240 gold pieces at shops.

Inventory:

Hand Weapons
 a - the +5 hand axe of the Equinox {venom, Will+ Int+2}
   (You bought it in a shop on level 11 of the Dungeon)

   Int:       It affects your intelligence (+2).
   Will:      It increases your willpower.
 y - a +0 whip of electrocution
 I - a +2 whip of venom
 M - a +4 broad axe of freezing
 Q - the +4 war axe "Omelette" (weapon) {drain, +Blink rF- rC++ rCorr}
   (You found it on level 11 of the Dungeon)

   rF:        It makes you vulnerable to fire.
   rC:        It greatly protects you from cold.
   +Blink:    It lets you blink.
   rCorr:     It protects you from acid and corrosion.
Missiles
 b - 5 boomerangs (quivered)
 E - 2 throwing nets
 G - 42 poisoned darts
 N - 7 javelins
Armour
 k - a +1 chain mail
 z - a +8 chain mail of ponderousness (worn)
 C - a +2 cloak (worn)
 J - a +1 pair of gloves (worn)
 O - a +2 scale mail of cold resistance
Jewellery
 h - an amulet of guardian spirit (around neck)
 w - a ring of see invisible (left hand)
 A - a ring of resist corrosion (right hand)
Wands
 B - a wand of flame (31)
 F - a wand of mindburst (13)
Scrolls
 e - 15 scrolls of identify
 f - 4 scrolls of blinking {unknown}
 m - a scroll of poison {unknown}
 n - 4 scrolls of brand weapon {unknown}
 o - 2 scrolls of fog {unknown}
 p - 3 scrolls of fear {unknown}
 r - 4 scrolls of immolation {unknown}
 s - 2 scrolls of vulnerability {unknown}
 u - 5 scrolls of teleportation
 H - a scroll of noise {unknown}
 L - 3 scrolls of magic mapping {unknown}
Potions
 c - 9 potions of curing
 d - 5 potions of haste {unknown}
 g - 3 potions of brilliance {unknown}
 i - 4 potions of attraction {unknown}
 j - a potion of resistance {unknown}
 l - a potion of cancellation {unknown}
 q - 3 potions of mutation {unknown}
 t - 2 potions of flight {unknown}
 v - 7 potions of heal wounds {unknown}
 x - 4 potions of lignification {unknown}
 D - 2 potions of degeneration {unknown}
 K - a potion of invisibility {unknown}


   Skills:
 + Level 13.6 Fighting
 + Level 13.6 Axes
 + Level 13.3 Armour
 + Level 12.3 Dodging


You had 11 spell levels left.
You didn't know any spells.
Your spell library was empty.

Dungeon Overview and Level Annotations

Branches:
Dungeon (12/15)            Temple (0/1) D:4            Lair (0/5) D:11
    Orc (0/2) D:9           Sewer (visited)

Altars:
Hepliaklqana
Kikubaaqudgha
Makhleb
Nemelex Xobeh
Qazlal
Ru
Vehumet
Xom
Yredelemnul
Zin
Jiyva

Shops:
D:1 [   D:6 [   D:8 ?!   D:11 (

Annotations:
D:12 1 runed translucent door


Innate Abilities, Weirdness & Mutations

You have a pair of horns on your head.
You reflexively headbutt those who attack you in melee.


Message History

You kill the orc!
Trog accepts your kill.
Items here: ))) [[.
You slice the orc!!
You kill the orc!
Trog accepts your kill.
You slash the orc priest!
You kill the orc priest!
Trog accepts your kill.
You slash the orc priest! You drain the orc priest.
You kill the orc priest!
Trog accepts your kill. Trog grants you a weapon!
Something appears at your feet!
You see here a +2 executioner's axe.
You slash the orc!
You kill the orc!
Trog accepts your kill.
You slash the orc!
You kill the orc!
Trog accepts your kill.
You slash the orc!
You kill the orc!
Trog accepts your kill.
You hit the orc priest. You slash the orc!
You kill the orc!
Trog accepts your kill.
You barely miss the orc priest.
You are no longer berserk.
You are exhausted.
You feel yourself slow down.
You slash the orc priest! You drain the orc priest.
You kill the orc priest!
Trog accepts your kill.
You hit the orc priest. You drain the orc priest.
The orc priest mumbles some strange prayers to Beogh against you.
Beogh smites you!
* * * LOW HITPOINT WARNING * * *
The orc priest invokes the aid of Beogh against you.
Beogh smites you!
You die...

.......#
.......+
.......#
#########
.......#
#...$...#
.......#
.##...$...#
.......#
<.'.......#
.......#
#.......#
....<..#
#...))o.#
.......#
#...)@))#
.......#
######)##
####'###
#)# #.# #)#
##.# #.#
#..# #.#
#.## #.#
#.#
#######.###
#.#
#...#.....#


You could see an orc priest (very drained).

Vanquished Creatures
  Josephine (D:11)
  A great orb of eyes (D:11)
  A boulder beetle (D:12)
  A centaur warrior (D:11)
  2 two-headed ogres
  3 death yaks (D:11)
  Urug (D:11)
  A glowing orange brain (D:11)
  Pikel (D:5)
  A cyclops (D:12)
  2 manticores
  An ugly thing (D:11)
  The ghost of cerebuk897 the Basher, a novice MiBe of Trog (D:5)
  2 gargoyles (D:12)
  An unseen horror (D:11)
  Psyche (D:11)
  3 kobold demonologists (D:9)
  2 trolls
  3 hornets
  9 slime creatures
  2 shadows
  9 wraiths
  16 yaks
  4 wyverns
  A basilisk (D:10)
  3 vampire mosquitoes
  4 steam dragons
  2 wargs (D:9)
  Edmund (D:5)
  An acid dragon (D:10)
  A water moccasin (D:6)
  4 ice beasts
  3 sky beasts
  2 black bears
  9 orc warriors
  10 centaurs
  3 ogres
  A lemure (D:5)
  2 phantoms
  4 kobold brigands
  3 bullfrogs
  A gnoll sergeant (D:10)
  2 scorpions
  A water moccasin skeleton (D:5)
  32 killer bees
  7 howler monkeys
  A centaur zombie (D:5)
  2 gnoll boudas (D:7)
  3 jellies
  6 orc priests
  4 hounds
  5 iguanas
  8 orc wizards
  Natasha (thrice) (D:4)
  5 gnolls (D:10)
  13 adders
  5 river rats
  A white imp (D:5)
  4 worms
  3 dart slugs
  51 orcs
  8 bats
  13 endoplasms
  5 giant cockroaches
  5 goblins
  6 hobgoblins
  10 jackals
  14 kobolds
  2 quokkas (D:1)
  19 ball pythons
  5 frilled lizards
  30 rats
397 creatures vanquished.

Vanquished Creatures (collateral kills)
  A killer bee zombie (D:5)
  A howler monkey skeleton (D:5)
2 creatures vanquished.

Vanquished Creatures (others)
  An orc (D:7)
  17 plants (D:10)
18 creatures vanquished.

Grand Total: 417 creatures vanquished

Notes
Turn   | Place    | Note
-------+----------+-------------------------------------------
     0 | D:1      | LLlMATKO the Minotaur Berserker began the quest for the
                  | Orb.
     0 | D:1      | Reached XP level 1. HP: 19/19 MP: 0/0
    21 | D:1      | Found Sistorhi's Armour Shop.
   157 | D:1      | Found a faded altar of an unknown god.
   257 | D:1      | Reached XP level 2. HP: 27/27 MP: 1/1
   611 | D:1      | Reached XP level 3. HP: 27/33 MP: 2/2
   946 | D:1      | Reached ** piety under Trog
  1048 | D:2      | Found a shimmering altar of Xom.
  1192 | D:2      | Reached XP level 4. HP: 39/40 MP: 3/3
  2256 | D:3      | Reached XP level 5. HP: 38/47 MP: 4/4
  2351 | D:3      | Reached *** piety under Trog
  2492 | D:3      | Found a sparkling altar of Nemelex Xobeh.
  2745 | D:4      | Found a glowing drain.
  2757 | Sewer    | Entered a sewer
  2977 | Sewer    | Reached skill level 5 in Axes
  2980 | Sewer    | Reached **** piety under Trog
  2982 | Sewer    | Reached skill level 5 in Fighting
  3055 | Sewer    | Reached XP level 6. HP: 52/56 MP: 5/5
  3167 | D:4      | Found a staircase to the Ecumenical Temple.
  3171 | D:4      | Reached skill level 5 in Armour
  3268 | D:4      | Noticed Natasha
  3275 | D:4      | Killed Natasha
  3276 | D:4      | Reached XP level 7. HP: 62/62 MP: 6/6
  3419 | D:4      | Found a hazy altar of Hepliaklqana.
  3552 | D:4      | Noticed Natasha
  3558 | D:4      | Killed Natasha
  4156 | D:4      | Found a staircase to the Ecumenical Temple.
  4566 | D:4      | Found a hazy altar of Hepliaklqana.
  4598 | D:4      | Noticed Natasha
  4604 | D:4      | Killed Natasha
  4605 | D:4      | Reached skill level 5 in Dodging
  4892 | D:5      | Entered Level 5 of the Dungeon
  4959 | D:5      | Noticed Pikel
  4970 | D:5      | Killed Pikel
  4971 | D:5      | Reached XP level 8. HP: 71/71 MP: 3/7
  5027 | D:5      | Noticed Edmund
  5039 | D:5      | Killed Edmund
  5286 | D:5      | Found a runed translucent gate.
  5286 | D:5      | Found a runed translucent gate.
  5286 | D:5      | Found a runed translucent gate.
  5403 | D:5      | Found a glowing silver altar of Zin.
  5527 | D:5      | Found a basalt altar of Yredelemnul.
  5800 | D:5      | Noticed cerebuk897's ghost (novice MiBe)
  5812 | D:5      | Killed cerebuk897's ghost
  6239 | D:6      | Reached XP level 9. HP: 81/81 MP: 8/8
  6320 | D:5      | Found a glowing silver altar of Zin.
  6373 | D:5      | Found a basalt altar of Yredelemnul.
  7092 | D:6      | Found Ygojocsu's Armour Shop.
  7092 | D:6      | Noticed an animated storm dragon scales
  7092 | D:6      | Noticed an animated storm dragon scales
  7267 | D:6      | Found a sacrificial altar of Ru.
  7412 | D:6      | Found a faded altar of an unknown god.
  7412 | D:6      | Found the Hermit's Pendant {Faith Invo=14 Evo=0 MP+5}
  7597 | D:7      | Found an ancient bone altar of Kikubaaqudgha.
  7859 | D:7      | Reached XP level 10. HP: 82/91 MP: 5/9
  8457 | D:8      | Paralysed by a hornet for 1 turns
  8636 | D:8      | Reached skill level 10 in Fighting
  8636 | D:8      | Reached skill level 10 in Axes
  8720 | D:8      | Found Ibroe's Magic Scroll Shoppe.
  9067 | D:8      | Found Rutritzy's Distillery.
  9106 | D:8      | Found the +0 toga "Victory" {*Victory Clar}
  9713 | D:9      | Noticed a two-headed ogre
  9715 | D:9      | Reached skill level 10 in Armour
  9737 | D:9      | Killed a two-headed ogre
  9987 | D:9      | Found a staircase to the Orcish Mines.
 10232 | D:9      | Found a burning altar of Makhleb.
 10275 | D:9      | Reached XP level 11. HP: 92/101 MP: 10/10
 10712 | D:9      | Reached ***** piety under Trog
 10723 | D:9      | Reached skill level 10 in Dodging
 11102 | D:10     | Entered Level 10 of the Dungeon
 11114 | D:10     | Found a stormy altar of Qazlal.
 11560 | D:10     | Found a radiant altar of Vehumet.
 12233 | D:10     | Found a radiant altar of Vehumet.
 12443 | D:10     | Found a stormy altar of Qazlal.
 12856 | D:11     | Noticed a death yak
 12858 | D:11     | Noticed a death yak
 12859 | D:11     | Noticed a death yak
 12950 | D:11     | Killed a death yak
 12960 | D:11     | Killed a death yak
 12962 | D:11     | Killed a death yak
 13201 | D:11     | Found a staircase to the Lair.
 13371 | D:11     | Noticed a red ugly thing
 13381 | D:11     | Killed a red ugly thing
 13382 | D:11     | Reached XP level 12. HP: 80/113 MP: 8/11
 13475 | D:11     | Found a transporter.
 13475 | D:11     | Found a viscous altar of Jiyva.
 13475 | D:11     | Noticed a great orb of eyes
 13525 | D:11     | Noticed Josephine
 13537 | D:11     | Killed Josephine
 13545 | D:11     | Received a gift from Trog
 13619 | D:11     | Found Zotuff's Antique Weapon Shoppe.
 13692 | D:11     | Bought a warped hand axe for 240 gold pieces
 13692 | D:11     | Identified the +5 hand axe of the Equinox {venom, Will+
                  | Int+2} (You bought it in a shop on level 11 of the Dungeon)
 13751 | D:11     | Noticed a centaur warrior
 13767 | D:11     | Killed a centaur warrior
 14017 | D:11     | Noticed Psyche
 14027 | D:11     | Killed Psyche
 14093 | D:11     | Noticed Urug
 14104 | D:11     | Killed Urug
 14273 | D:11     | Found a transporter.
 14414 | D:11     | Killed a great orb of eyes
 14424 | D:11     | Identified the amulet "Vastaaq" {Faith Str-4 Dex+7 Slay-4}
 14517 | D:11     | Identified the +4 war axe "Omelette" {drain, +Blink rF-
                  | rC++ rCorr}
 14871 | D:12     | Noticed a boulder beetle
 14881 | D:12     | Killed a boulder beetle
 15063 | D:12     | Noticed a two-headed ogre
 15070 | D:12     | Killed a two-headed ogre
 15215 | D:12     | Noticed a storm dragon
 15215 | D:12     | Noticed a six-headed hydra
 15220 | D:12     | Found a runed translucent door.
 15272 | D:12     | Received a gift from Trog
 15274 | D:12     | Killed from afar by an orc priest

Illustrated notes

Levels and vault maps discovered:
D:1:      zaba_arrival_water, layout_basic, ebering_ecumenical_altar_rust,
          serial_shops, nicolae_diamond_shop, minmay_pentomino_w4
D:2:      minmay_general_purpose_star, layout_loops_ring, basic_altar
D:3:      layout_loops_ring, nemelex_diamond_rough_becter, glass_columns_c,
          kennysheep_cross_room, grunt_ministairs_11
D:4:      layout_cave_pods, nicolae_overflow_hidden_temple,
          minmay_temple_entry_waves, cheibrodos_sewer_entry_sluice, uniq_natasha
D:5:      layout_loops_ring, mainiacjoe_overflow_catwalk, lemuel_round_altar,
          gammafunk_ghost_necromancy, uniq_edmund, uniq_pikel
D:6:      layout_rooms, mainiacjoe_overflow_24_doors, serial_shops,
          nicolae_shop_mannequins, hellmonk_guarded_unrand_hermit
D:7:      minmay_razor_zed, layout_basic, mainiacjoe_overflow_small_starburst
D:8:      layout_rooms, serial_shops, nicolae_shop_statue_plus,
          nicolae_shop_tiny_waterfront
D:9:      layout_irregular_city, kennysheep_little_box, david_orc_3
D:10:     layout_grid_maze, lemuel_tele_altar,
          mainiacjoe_overflow_concentric_impassable, serial_bayou_lagoon_a
D:11:     gammafunk_jiyva_shrine, layout_long_grid, dpeg_lair_monsters,
          serial_shops, nicolae_shop_tiny_real_fake_doors, uniq_urug,
          uniq_josephine, uniq_psyche
D:12:     layout_roguey [special_room_orc], fountainhead, minmay_st_funbox

Skill      XL: |  1  2  3  4  5  6  7  8  9 10 11 12 |
---------------+-------------------------------------+-----
Axes           | 4 5 6 7 9 10 12 13 | 13.6
Fighting       | 4 5 6 7 9 10 12 13 | 13.6
Armour         | 3 4 5 6 7 9 10 12 13 | 13.3
Dodging        | 3 4 5 6 8 9 11 12 | 12.3

Action                     |  1- 3 |  4- 6 |  7- 9 | 10-12 || total
---------------------------+-------+-------+-------+-------++-------
  Melee: Hand axe          |    79 |   131 |   236 |   398 ||   844
         Headbutt          |    11 |    26 |    49 |   117 ||   203
         Punch             |       |       |     3 |    10 ||    13
         Whip              |       |       |       |    82 ||    82
         War axe           |       |       |       |   109 ||   109
  Throw: Boomerang         |       |       |    12 |    11 ||    23
 Invoke: Berserk           |     2 |     2 |     7 |    10 ||    21
         Trog's Hand       |       |       |     1 |       ||     1
         Brothers in Arms  |       |       |     1 |       ||     1
    Use: Scroll            |       |     5 |       |       ||     5
   Stab: Distracted        |       |       |       |     1 ||     1
 Armour: Animal skin       |    13 |       |       |       ||    13
         Scale mail        |     7 |     9 |       |       ||    16
         Chain mail        |       |    86 |   128 |   404 ||   618
  Dodge: Dodged            |    49 |    77 |   109 |   444 ||   679
